 Dungeon Crawl Stone Soup version 0.29-a0-92-gee772dd00f (webtiles) character file.

Game seed: 18056951242064785341

11 enile the Magician (level 2, -2/23 HPs)
             Began as a Formicid Wanderer on Feb 10, 2022.
             Slain by a hobgoblin (4 damage)
             ... on level 1 of the Dungeon.
             The game lasted 00:00:46 (241 turns).

enile the Magician (Formicid Wanderer)               Turns: 241, Time: 00:00:47

Health: -2/23      AC:  2    Str: 13    XL:     2   Next: 35%
Magic:  8/8        EV: 11    Int: 15    God:
Gold:   11         SH:  0    Dex:  9    Spells: 12/12 levels left

rFire   . . .      SeeInvis +   a - +0 club
rCold   . . .      Faith    .   (no shield)
rNeg    . . .      Spirit   .   b - +0 robe
rPois   .          Reflect  .   (helmet unavailable)
rElec   .          Harm     .   (no cloak)
rCorr   .          Rampage  .   (no gloves)
Will    .....                   (no boots)
Stlth   +.........              (no amulet)
HPRegen 0.07/turn               (no ring)
MPRegen 0.11/turn               (no ring)

@: no status effects
A: permanent stasis, dig shafts and tunnels, antennae 3, four strong arms
a: Dig, Shaft Self


You were on level 1 of the Dungeon.
You visited 1 branch of the dungeon, and saw 1 of its levels.

You collected 11 gold pieces.

Inventory:

Hand Weapons
 a - a +0 club (weapon)
Armour
 b - a +0 robe (worn)
Potions
 c - a potion of attraction


   Skills:
 + Level 2.9 Fighting
 - Level 1.4 Stealth
 - Level 5.5 Spellcasting
 - Level 1.6 Poison Magic


You had 12 spell levels left.
You didn't know any spells.
Your spell library contained the following spells:

 Spells                   Type           Power      Damage    Failure   Level
 Sting                    Tmut/Pois      24%        1d4       11%         1
 Apportation              Tloc           8%         N/A       16%         1
 Magic Dart               Conj           16%        1d3       16%         1
 Pain                     Necr           16%        1d4       16%         1
 Searing Ray              Conj           8%         2d4       24%         2
 Spider Form              Tmut/Pois      6%         N/A       32%         3
 Ignite Poison            Fire/Tmut/Pois 5%         N/A       36%         3
 Lesser Beckoning         Tloc           4%         N/A       43%         3
 Fulminant Prism          Conj/Hex       2%         3d6       83%         4


Dungeon Overview and Level Annotations

Branches:
Dungeon (1/15)

Altars:


Innate Abilities, Weirdness & Mutations

You cannot be hasted, slowed, berserked, paralysed or teleported.
You can dig through walls and to a lower floor.
You have a pair of large antennae on your head. (SInv)
Your four strong arms can wield two-handed weapons with a shield.


Message History

There are monsters nearby!
Unknown command.
You escape the ball python's grasp.
You completely miss the giant cockroach.
The giant cockroach bites you but does no damage.
The hobgoblin closely misses you. The giant cockroach bites you.
You hit the giant cockroach.
The giant cockroach is severely wounded.
The giant cockroach misses you. The hobgoblin barely misses you.
You closely miss the hobgoblin. The giant cockroach barely misses you.
The hobgoblin closely misses you. The giant cockroach barely misses you.
You hit the hobgoblin.
The hobgoblin is severely wounded.
The hobgoblin barely misses you. The giant cockroach closely misses you.
The hobgoblin closely misses you.
You hit the hobgoblin.
The hobgoblin is almost dead.
The giant cockroach barely misses you. The hobgoblin hits you.
The giant cockroach bites you but does no damage.
You hit the giant cockroach.
You kill the giant cockroach!
The hobgoblin hits you.
* * * LOW HITPOINT WARNING * * *
The ball python bites you.
* * * LOW HITPOINT WARNING * * *
The ball python misses you.
Okay, then.
Okay, then.
Are you sure you want to shaft yourself?
The hobgoblin barely misses you. The ball python closely misses you.
The ball python barely misses you.
You begin to dig a shaft.
You continue digging a shaft.
The hobgoblin barely misses you. The ball python misses you.
The ball python grabs you.
You stop digging.
The ball python constricts you.
You hit the ball python.
You kill the ball python!
The hobgoblin hits you.
* * * LOW HITPOINT WARNING * * *
The hobgoblin hits you.
You die...

..... ...... ......
#####...(..
##.......... #
#..?........
#.######.#.........
###.#......gg####....
#..........@## .
...........##
..........#######
?................
........†.####...
.........#......
#...#...##...### ###
###.# #### #.#


You could see a hobgoblin and a goblin.

Vanquished Creatures
  2 dart slugs (D:1)
  An endoplasm (D:1)
  A giant cockroach (D:1)
  4 ball pythons (D:1)
  A frilled lizard (D:1)
9 creatures vanquished.

Notes
Turn   | Place    | Note
-------+----------+-------------------------------------------
     0 | D:1      | enile the Formicid Wanderer began the quest for the Orb.
     0 | D:1      | enile set off with the following items: a +0 club, a +0
                  | robe, a potion of attraction; and the following spells
                  | available to memorise: Sting, Apportation, Pain, Spider
                  | Form, Ignite Poison, Lesser Beckoning
     0 | D:1      | Reached XP level 1. HP: 16/16 MP: 6/6
    84 | D:1      | Reached XP level 2. HP: 20/23 MP: 8/8
   241 | D:1      | Slain by a hobgoblin

Illustrated notes

Levels and vault maps discovered:
D:1:      dpeg_arrival_tiny_i, layout_rooms, chequers_ecumenical_altar_island

Action                   || total
-------------------------++-------
Melee: Club              ||    27
 Abil: Shaft Self        ||     1
 Stab: Sleeping          ||     2
Armor: Robe              ||    10
Dodge: Dodged            ||    36

Table legend: (Time is in decaauts)
 A = Elapsed time spent in this place.
 B = Non-inter-level travel time spent in this place.
 C = Inter-level travel time spent in this place.
 D = Time resting spent in this place.
 E = Time spent auto-exploring this place.
 F = Levels seen in this place.
 G = Mean time per level.
                   A        B        C        D        E       F      G
               +--------+--------+--------+--------+--------+-----+--------+
         Total |    248 |    248 |      0 |      0 |    178 |   1 |  248.0 |
       Dungeon |    248 |    248 |      0 |      0 |    178 |   1 |  248.0 |
               +--------+--------+--------+--------+--------+-----+--------+

Top non-repeatable levels by time:
     D:1: 248 daAuts
